[ PARTIDA AOE2 · #483130170 ]
UnrankedMalayos vs Dravidians
[ ANÁLISIS DE REPETICIÓN · EXTRAÍDO DE LA PARTIDA GRABADA ]
Feudal
9:18
Castillos
21:54
Imperial
40:44
| APM promedio | 31.9 |
| APM pico | 65 |
| eAPM promedio | 22.7 |
| Aldeanos / militares | 198 / 552 |
Foco
⚔️ 42.6% · 🌾 57.4%
Spearman ×259 · Skirmisher ×181 · Militia ×60 · Bombard Cannon ×40 · Archer ×7 · Monk ×3
Feudal
9:03
Castillos
25:50
Imperial
38:48
| APM promedio | 42.7 |
| APM pico | 81 |
| eAPM promedio | 23.8 |
| Aldeanos / militares | 150 / 309 |
Foco
⚔️ 39.8% · 🌾 60.2%
Elephant Archer ×171 · Spearman ×102 · Trade Cart ×28 · Archer ×19 · Bombard Cannon ×6 · Militia ×5
Feudal
11:24
Castillos
15:11
Imperial
36:33
| APM promedio | 40.1 |
| APM pico | 92 |
| eAPM promedio | 23.0 |
| Aldeanos / militares | 196 / 523 |
Foco
⚔️ 44.9% · 🌾 55.1%
Scout Cavalry ×262 · Knight ×245 · Battering Ram ×13 · Trebuchet (Packed) ×2 · Mangonel ×1 · Trade Cart ×1
Feudal
11:46
Castillos
15:32
Imperial
35:58
| APM promedio | 44.3 |
| APM pico | 93 |
| eAPM promedio | 19.8 |
| Aldeanos / militares | 227 / 555 |
Foco
⚔️ 41.1% · 🌾 58.9%
Scout Cavalry ×190 · Knight ×182 · Conquistador ×178 · Monk ×3 · Trade Cart ×2 · Trebuchet (Packed) ×2
Feudal
10:45
Castillos
17:58
Imperial
37:09
| APM promedio | 38.8 |
| APM pico | 88 |
| eAPM promedio | 19.0 |
| Aldeanos / militares | 136 / 211 |
Foco
⚔️ 35.9% · 🌾 64.1%
Skirmisher ×166 · Hand Cannoneer ×30 · Conquistador ×5 · Petard ×4 · Trebuchet (Packed) ×4 · Mangonel ×1
Feudal
8:26
Castillos
22:12
Imperial
37:22
| APM promedio | 53.4 |
| APM pico | 111 |
| eAPM promedio | 25.4 |
| Aldeanos / militares | 270 / 185 |
Foco
⚔️ 40.5% · 🌾 59.5%
Mangudai ×105 · Skirmisher ×67 · Trade Cart ×18 · Battering Ram ×5 · Scout Cavalry ×5 · Monk ×3
Feudal
12:10
Castillos
16:21
Imperial
42:47
| APM promedio | 35.2 |
| APM pico | 89 |
| eAPM promedio | 22.8 |
| Aldeanos / militares | 225 / 265 |
Foco
⚔️ 38.6% · 🌾 61.4%
Militia ×57 · Knight ×52 · Scout Cavalry ×48 · Camel Scout ×46 · Spearman ×33 · Trade Cart ×18
Feudal
10:56
Castillos
14:51
Imperial
38:04
| APM promedio | 36.8 |
| APM pico | 75 |
| eAPM promedio | 24.9 |
| Aldeanos / militares | 214 / 323 |
Foco
⚔️ 39.2% · 🌾 60.8%
Spearman ×131 · Skirmisher ×64 · Archer ×57 · Knight ×33 · Scorpion ×19 · Mangonel ×12
Mapa de la partida
Recursos iniciales + cada clic de construcción. Líneas = muros · curvas = relieve. ◆ oro · ⬟ piedra · ● bayas · ✦ reliquia · ◌ hueco del cierre
Tu base· ✓ Cerrada en 21:54 · 51t muro · 3 puerta(s)
Base de [TSU] CoolKidWalls· ✓ Cerrada en 25:50 · 9t muro · 2 puerta(s)
Base de vulpecula· ✓ Cerrada en 15:11 · 0t muro · 7 puerta(s)
Base de LeoGalda· ✓ Cerrada en 15:32 · 0t muro · 2 puerta(s)
Base de Müh.zuvery· ✓ Cerrada en 17:58 · 27t muro · 5 puerta(s)
Base de [BadStart] The Shadow· ✓ Cerrada en 22:12 · 0t muro · 3 puerta(s)
Base de Ramci· ✓ Cerrada en 16:21 · 1t muro · 3 puerta(s)
Base de Twitch/SyMess· ✓ Cerrada en 14:51 · 0t muro · 2 puerta(s)
Terreno inicial suavizado · ◌ = hueco del cierre detectado · pasá el cursor para detalles
Inputs por minuto
— jimmil - - [TSU] CoolKidWalls
Build order — jimmil
Primeras 150 de 719 acciones detectadas
| 0:01 | Crear | Villager (Male) ×4 |
| 0:02 | Crear | Villager (Male) ×4 |
| 0:03 | Construir | House |
| 0:04 | Construir | House |
| 1:20 | Crear | Villager (Male) |
| 1:20 | Crear | Villager (Male) |
| 1:45 | Construir | Lumber Camp |
| 1:57 | Crear | Villager (Male) |
| 1:57 | Crear | Villager (Male) |
| 2:22 | Crear | Villager (Male) |
| 2:22 | Crear | Villager (Male) |
| 2:55 | Crear | Villager (Male) |
| 2:56 | Crear | Villager (Male) |
| 3:20 | Crear | Villager (Male) |
| 3:21 | Crear | Villager (Male) |
| 3:21 | Crear | Villager (Male) |
| 3:41 | Crear | Villager (Male) |
| 3:41 | Crear | Villager (Male) |
| 3:50 | Construir | House |
| 3:51 | Construir | House |
| 3:58 | Crear | Villager (Male) |
| 3:58 | Crear | Villager (Male) |
| 4:33 | Crear | Villager (Male) |
| 4:33 | Crear | Villager (Male) |
| 4:33 | Crear | Villager (Male) |
| 4:38 | Crear | Villager (Male) |
| 4:50 | Construir | Mill |
| 5:20 | Crear | Villager (Male) |
| 5:20 | Crear | Villager (Male) |
| 5:57 | Construir | Mill |
| 6:04 | Crear | Villager (Male) |
| 6:04 | Crear | Villager (Male) |
| 6:17 | Crear | Villager (Male) |
| 6:17 | Crear | Villager (Male) |
| 6:18 | Crear | Villager (Male) |
| 7:11 | Crear | Villager (Male) |
| 7:29 | Construir | Palisade Gate |
| 7:37 | Crear | Villager (Male) |
| 8:00 | Investigar | Feudal Age |
| 8:00 | Investigar | Feudal Age |
| 8:28 | Construir | House |
| 8:54 | Construir | Palisade Wall |
| 9:05 | Investigar | Loom |
| 9:18 | Edad | Edad Feudal |
| 9:24 | Construir | Stone Wall |
| 9:25 | Crear | Villager (Male) |
| 9:30 | Crear | Villager (Male) |
| 9:34 | Construir | Mining Camp |
| 9:35 | Crear | Villager (Male) |
| 9:49 | Crear | Villager (Male) |
| 10:06 | Crear | Villager (Male) |
| 10:10 | Crear | Villager (Male) |
| 10:22 | Construir | Stone Wall |
| 10:23 | Crear | Villager (Male) |
| 10:25 | Crear | Villager (Male) |
| 10:42 | Construir | Watch Tower |
| 10:47 | Crear | Villager (Male) |
| 10:52 | Construir | Blacksmith |
| 10:58 | Investigar | Double-Bit Axe |
| 11:41 | Crear | Villager (Male) |
| 11:48 | Investigar | Fletching |
| 11:52 | Construir | Farm |
| 11:52 | Construir | Farm |
| 11:53 | Construir | Farm |
| 11:53 | Construir | Farm |
| 11:53 | Construir | Farm |
| 12:07 | Construir | House |
| 12:10 | Construir | House |
| 12:55 | Construir | Farm |
| 12:55 | Construir | Farm |
| 13:08 | Crear | Villager (Male) |
| 13:14 | Construir | Mining Camp |
| 13:32 | Crear | Villager (Male) |
| 13:32 | Crear | Villager (Male) |
| 13:58 | Crear | Villager (Male) |
| 14:14 | Crear | Villager (Male) |
| 14:21 | Construir | Farm |
| 14:21 | Construir | Farm |
| 14:22 | Construir | Farm |
| 14:22 | Construir | Farm |
| 14:22 | Construir | Farm |
| 14:22 | Construir | Farm |
| 14:22 | Construir | Farm |
| 14:42 | Crear | Villager (Male) |
| 15:07 | Construir | Watch Tower |
| 15:08 | Crear | Villager (Male) |
| 15:14 | Crear | Villager (Male) |
| 15:31 | Construir | Farm |
| 15:32 | Construir | Farm |
| 15:43 | Crear | Villager (Male) |
| 16:07 | Construir | House |
| 16:09 | Construir | House |
| 16:16 | Crear | Villager (Male) |
| 16:21 | Crear | Villager (Male) |
| 16:30 | Construir | Farm |
| 16:30 | Construir | Farm |
| 16:31 | Construir | Farm |
| 16:31 | Construir | Farm |
| 16:31 | Construir | Farm |
| 16:31 | Construir | Farm |
| 16:38 | Crear | Villager (Male) |
| 16:49 | Crear | Villager (Male) |
| 16:55 | Construir | House |
| 17:04 | Investigar | Horse Collar |
| 17:14 | Construir | House |
| 17:20 | Construir | House |
| 17:23 | Crear | Villager (Male) |
| 18:10 | Crear | Villager (Male) |
| 18:17 | Construir | Mill |
| 18:20 | Construir | Farm |
| 18:21 | Construir | Farm |
| 18:21 | Construir | Farm |
| 18:21 | Construir | Farm |
| 18:27 | Construir | Farm |
| 18:53 | Construir | Stone Wall |
| 18:59 | Construir | Stone Wall |
| 19:39 | Construir | Market |
| 19:43 | Crear | Villager (Male) |
| 19:52 | Crear | Villager (Male) |
| 20:14 | Construir | Stone Wall |
| 20:16 | Investigar | Castle Age |
| 20:31 | Crear | Villager (Male) |
| 20:39 | Construir | Stone Wall |
| 20:51 | Investigar | Gold Mining |
| 21:10 | Construir | Gate |
| 21:21 | Construir | House |
| 21:30 | Construir | Market |
| 21:40 | Crear | Villager (Male) |
| 21:50 | Crear | Villager (Male) |
| 21:54 | Edad | Edad de los Castillos |
| 22:21 | Construir | Town Center |
| 22:30 | Crear | Villager (Male) |
| 22:42 | Construir | Stone Wall |
| 22:51 | Crear | Villager (Male) |
| 23:05 | Construir | Gate |
| 23:08 | Construir | Stone Wall |
| 23:21 | Investigar | Town Watch |
| 23:49 | Crear | Villager (Male) |
| 24:32 | Crear | Villager (Male) |
| 24:35 | Construir | Farm |
| 24:49 | Construir | Lumber Camp |
| 25:08 | Crear | Villager (Male) |
| 25:28 | Construir | Gate |
| 25:36 | Crear | Villager (Male) |
| 25:42 | Construir | Stone Wall |
| 25:48 | Construir | Monastery |
| 26:10 | Construir | Monastery |
| 26:32 | Crear | Villager (Male) |
| 26:59 | Crear | Monk |
| 26:59 | Crear | Monk |
Build order — [TSU] CoolKidWalls
Primeras 150 de 552 acciones detectadas
| 0:01 | Crear | Villager (Male) |
| 0:01 | Crear | Villager (Male) |
| 0:01 | Crear | Villager (Male) |
| 0:02 | Crear | Villager (Male) |
| 0:02 | Crear | Villager (Male) |
| 0:04 | Construir | House |
| 0:06 | Construir | House |
| 1:24 | Crear | Villager (Male) |
| 1:25 | Crear | Villager (Male) |
| 2:03 | Crear | Villager (Male) |
| 2:03 | Crear | Villager (Male) |
| 2:09 | Construir | Lumber Camp |
| 2:32 | Crear | Villager (Male) |
| 2:32 | Crear | Villager (Male) |
| 3:17 | Crear | Villager (Male) |
| 3:17 | Crear | Villager (Male) |
| 3:51 | Construir | House |
| 3:53 | Crear | Villager (Male) |
| 4:02 | Crear | Villager (Male) |
| 4:02 | Crear | Villager (Male) |
| 4:34 | Crear | Villager (Male) |
| 4:34 | Crear | Villager (Male) |
| 5:20 | Construir | Mining Camp |
| 5:26 | Investigar | Loom |
| 6:22 | Crear | Villager (Male) |
| 6:53 | Investigar | Feudal Age |
| 7:31 | Construir | Mill |
| 8:08 | Construir | House |
| 8:57 | Construir | Barracks |
| 9:03 | Edad | Edad Feudal |
| 9:10 | Construir | Watch Tower |
| 9:12 | Crear | Villager (Male) |
| 9:16 | Construir | Blacksmith |
| 9:25 | Crear | Villager (Male) |
| 9:50 | Crear | Villager (Male) |
| 10:03 | Construir | Archery Range |
| 10:19 | Crear | Villager (Male) |
| 10:24 | Investigar | Fletching |
| 10:42 | Construir | Mill |
| 10:47 | Crear | Villager (Male) |
| 10:47 | Crear | Villager (Male) |
| 10:56 | Crear | Archer |
| 11:16 | Construir | House |
| 11:22 | Crear | Villager (Male) |
| 11:22 | Crear | Villager (Male) |
| 11:23 | Crear | Archer |
| 11:39 | Construir | Mining Camp |
| 11:48 | Crear | Villager (Male) |
| 12:11 | Crear | Archer |
| 12:17 | Crear | Villager (Male) |
| 12:25 | Construir | House |
| 12:30 | Crear | Villager (Male) |
| 12:35 | Crear | Archer |
| 12:42 | Crear | Villager (Male) |
| 12:46 | Crear | Archer |
| 12:56 | Crear | Villager (Male) |
| 12:56 | Crear | Archer |
| 13:10 | Crear | Villager (Male) |
| 13:19 | Crear | Archer |
| 13:30 | Construir | Watch Tower |
| 13:41 | Crear | Villager (Male) |
| 13:57 | Crear | Archer |
| 13:58 | Crear | Villager (Male) |
| 14:07 | Construir | House |
| 14:31 | Crear | Archer |
| 14:32 | Crear | Villager (Male) |
| 14:35 | Construir | Palisade Wall |
| 14:41 | Crear | Archer |
| 14:50 | Crear | Archer |
| 15:09 | Crear | Villager (Male) |
| 15:11 | Construir | Farm |
| 15:24 | Construir | Watch Tower |
| 15:31 | Crear | Archer |
| 15:38 | Crear | Archer |
| 15:38 | Crear | Villager (Male) |
| 15:57 | Crear | Villager (Male) |
| 16:01 | Construir | House |
| 16:01 | Construir | House |
| 16:03 | Construir | Farm |
| 16:27 | Crear | Archer |
| 16:35 | Crear | Villager (Male) |
| 16:44 | Construir | Farm |
| 16:54 | Crear | Archer |
| 17:06 | Construir | Palisade Wall |
| 17:08 | Crear | Villager (Male) |
| 17:14 | Construir | Palisade Wall |
| 17:16 | Construir | Palisade Wall |
| 17:21 | Construir | Watch Tower |
| 17:22 | Crear | Villager (Male) |
| 17:24 | Construir | Palisade Wall |
| 17:26 | Construir | Palisade Wall |
| 17:27 | Construir | Palisade Wall |
| 17:32 | Crear | Villager (Male) |
| 17:36 | Construir | House |
| 17:40 | Investigar | Double-Bit Axe |
| 17:50 | Crear | Archer |
| 18:02 | Construir | Palisade Wall |
| 18:06 | Crear | Villager (Male) |
| 18:08 | Crear | Archer |
| 18:15 | Construir | Farm |
| 18:17 | Construir | House |
| 18:34 | Crear | Villager (Male) |
| 18:36 | Crear | Villager (Male) |
| 18:40 | Crear | Archer |
| 18:46 | Construir | Farm |
| 18:48 | Construir | Farm |
| 18:50 | Construir | Farm |
| 18:54 | Investigar | Horse Collar |
| 19:02 | Crear | Villager (Male) |
| 19:13 | Construir | Lumber Camp |
| 19:44 | Crear | Villager (Male) |
| 19:46 | Construir | Farm |
| 19:51 | Construir | Farm |
| 19:55 | Crear | Villager (Male) |
| 20:04 | Construir | Farm |
| 20:05 | Construir | Farm |
| 20:07 | Crear | Villager (Male) |
| 20:11 | Construir | Farm |
| 20:13 | Construir | Farm |
| 20:26 | Crear | Archer |
| 20:30 | Construir | Farm |
| 20:39 | Construir | Farm |
| 20:42 | Construir | Farm |
| 20:46 | Construir | Market |
| 20:48 | Crear | Villager (Male) |
| 21:08 | Crear | Villager (Male) |
| 21:10 | Construir | Farm |
| 21:18 | Construir | Farm |
| 21:27 | Investigar | Wheelbarrow |
| 21:32 | Construir | Farm |
| 21:37 | Construir | House |
| 21:38 | Construir | House |
| 21:51 | Construir | Farm |
| 22:38 | Crear | Villager (Male) |
| 22:43 | Construir | Mining Camp |
| 23:02 | Investigar | Castle Age |
| 23:02 | Investigar | Castle Age |
| 23:05 | Construir | House |
| 23:19 | Investigar | Stone Mining |
| 23:39 | Construir | House |
| 23:40 | Construir | House |
| 23:43 | Crear | Villager (Male) |
| 24:45 | Construir | Archery Range |
| 24:50 | Construir | Archery Range |
| 25:50 | Edad | Edad de los Castillos |
| 25:55 | Construir | Castle |
| 25:58 | Investigar | Heavy Plow |
| 26:01 | Investigar | Bow Saw |
| 26:04 | Investigar | Hand Cart |
| 26:09 | Construir | Mining Camp |
Build order — vulpecula
Primeras 150 de 673 acciones detectadas
| 0:02 | Crear | Villager (Male) |
| 0:02 | Crear | Villager (Male) |
| 0:03 | Crear | Villager (Male) |
| 0:03 | Crear | Villager (Male) |
| 0:03 | Crear | Villager (Male) |
| 0:04 | Construir | House |
| 0:06 | Construir | House |
| 1:09 | Construir | House |
| 1:20 | Crear | Villager (Male) |
| 1:20 | Crear | Villager (Male) |
| 1:49 | Construir | Palisade Gate |
| 1:55 | Construir | Palisade Gate |
| 2:08 | Crear | Villager (Male) |
| 2:09 | Crear | Villager (Male) |
| 2:15 | Construir | Palisade Gate |
| 2:20 | Construir | Palisade Gate |
| 2:32 | Crear | Villager (Male) |
| 2:32 | Crear | Villager (Male) |
| 2:32 | Crear | Villager (Male) |
| 2:46 | Crear | Villager (Male) |
| 2:46 | Crear | Villager (Male) |
| 3:41 | Crear | Villager (Male) |
| 3:42 | Crear | Villager (Male) |
| 4:02 | Crear | Villager (Male) |
| 4:03 | Crear | Villager (Male) |
| 4:17 | Construir | Lumber Camp |
| 4:21 | Construir | Lumber Camp |
| 4:24 | Crear | Villager (Male) |
| 4:25 | Crear | Villager (Male) |
| 5:03 | Crear | Villager (Male) |
| 5:04 | Crear | Villager (Male) |
| 5:04 | Crear | Villager (Male) |
| 5:15 | Crear | Villager (Male) |
| 5:34 | Construir | House |
| 6:04 | Crear | Villager (Male) |
| 6:05 | Crear | Villager (Male) |
| 6:26 | Crear | Villager (Male) |
| 6:41 | Crear | Villager (Male) |
| 6:42 | Crear | Villager (Male) |
| 7:14 | Construir | Mill |
| 7:28 | Crear | Villager (Male) |
| 8:10 | Construir | Mining Camp |
| 8:14 | Crear | Villager (Male) |
| 9:03 | Investigar | Feudal Age |
| 9:37 | Construir | Farm |
| 10:16 | Construir | Farm |
| 10:20 | Construir | Farm |
| 10:23 | Construir | Farm |
| 10:26 | Construir | Farm |
| 10:43 | Crear | Villager (Male) |
| 10:43 | Crear | Villager (Male) |
| 11:09 | Construir | Farm |
| 11:12 | Construir | Farm |
| 11:24 | Edad | Edad Feudal |
| 11:29 | Construir | Market |
| 11:31 | Construir | Blacksmith |
| 12:31 | Investigar | Castle Age |
| 12:31 | Investigar | Castle Age |
| 13:26 | Crear | Villager (Male) |
| 13:26 | Crear | Villager (Male) |
| 13:32 | Investigar | Double-Bit Axe |
| 13:35 | Investigar | Horse Collar |
| 13:58 | Construir | House |
| 14:51 | Crear | Villager (Male) |
| 14:51 | Crear | Villager (Male) |
| 15:11 | Edad | Edad de los Castillos |
| 15:18 | Construir | Town Center |
| 15:34 | Construir | Town Center |
| 15:35 | Crear | Villager (Male) |
| 15:49 | Crear | Villager (Male) |
| 15:54 | Investigar | Heavy Plow |
| 15:58 | Investigar | Bow Saw |
| 16:38 | Crear | Villager (Male) |
| 16:50 | Construir | Mill |
| 17:04 | Crear | Trade Cart |
| 17:05 | Crear | Villager (Male) |
| 17:05 | Crear | Villager (Male) |
| 17:05 | Crear | Villager (Male) |
| 17:19 | Crear | Villager (Male) |
| 17:20 | Crear | Villager (Male) |
| 17:20 | Crear | Villager (Male) |
| 17:29 | Construir | Farm |
| 17:29 | Construir | Farm |
| 17:29 | Construir | Farm |
| 17:30 | Construir | Farm |
| 17:30 | Construir | Farm |
| 17:30 | Construir | Farm |
| 17:31 | Construir | Farm |
| 17:32 | Construir | Farm |
| 17:36 | Crear | Villager (Male) |
| 17:48 | Crear | Villager (Male) |
| 17:49 | Crear | Villager (Male) |
| 18:00 | Crear | Villager (Male) |
| 18:00 | Crear | Villager (Male) |
| 18:00 | Crear | Villager (Male) |
| 18:01 | Crear | Villager (Male) |
| 18:10 | Construir | Farm |
| 18:13 | Construir | Farm |
| 18:19 | Crear | Villager (Male) |
| 18:20 | Crear | Villager (Male) |
| 18:25 | Construir | Mill |
| 18:27 | Crear | Villager (Male) |
| 18:27 | Crear | Villager (Male) |
| 18:42 | Crear | Villager (Male) |
| 18:42 | Crear | Villager (Male) |
| 18:47 | Crear | Villager (Male) |
| 18:53 | Crear | Villager (Male) |
| 18:57 | Crear | Villager (Male) |
| 18:59 | Construir | Farm |
| 18:59 | Construir | Farm |
| 18:59 | Construir | Farm |
| 18:59 | Construir | Farm |
| 19:00 | Construir | Farm |
| 19:00 | Construir | Farm |
| 19:00 | Construir | Farm |
| 19:02 | Crear | Villager (Male) |
| 19:02 | Crear | Villager (Male) |
| 19:24 | Crear | Villager (Male) |
| 19:24 | Crear | Villager (Male) |
| 19:26 | Construir | Farm |
| 19:30 | Crear | Villager (Male) |
| 19:38 | Crear | Villager (Male) |
| 19:49 | Crear | Villager (Male) |
| 19:55 | Crear | Villager (Male) |
| 19:56 | Crear | Villager (Male) |
| 19:59 | Investigar | Stone Mining |
| 20:00 | Crear | Villager (Male) |
| 20:23 | Construir | House |
| 20:35 | Construir | Castle |
| 20:36 | Crear | Villager (Male) |
| 20:39 | Crear | Villager (Male) |
| 20:43 | Crear | Villager (Male) |
| 20:47 | Construir | Farm |
| 20:55 | Construir | Farm |
| 20:55 | Construir | Farm |
| 20:58 | Construir | Farm |
| 20:59 | Crear | Villager (Male) |
| 21:07 | Crear | Villager (Male) |
| 21:07 | Crear | Villager (Male) |
| 21:13 | Construir | Stone Wall |
| 21:14 | Crear | Villager (Male) |
| 21:15 | Crear | Villager (Male) |
| 21:18 | Crear | Villager (Male) |
| 21:43 | Construir | Barracks |
| 22:02 | Investigar | Szlachta Privileges |
| 22:05 | Construir | Stable |
| 22:08 | Construir | Mining Camp |
| 22:21 | Construir | Stable |
| 22:23 | Investigar | Scale Barding Armor |
| 22:23 | Investigar | Forging |
Build order — LeoGalda
Primeras 150 de 501 acciones detectadas
| 0:01 | Crear | Villager (Male) |
| 0:01 | Crear | Villager (Male) |
| 0:01 | Crear | Villager (Male) |
| 0:02 | Construir | House |
| 0:03 | Construir | House |
| 0:05 | Construir | House |
| 0:14 | Crear | Villager (Male) |
| 1:13 | Crear | Villager (Male) |
| 1:44 | Construir | Lumber Camp |
| 1:48 | Crear | Villager (Male) |
| 1:48 | Crear | Villager (Male) |
| 2:13 | Crear | Villager (Male) |
| 2:43 | Crear | Villager (Male) |
| 2:52 | Crear | Villager (Male) |
| 3:10 | Crear | Villager (Male) |
| 3:10 | Crear | Villager (Male) |
| 4:03 | Crear | Villager (Male) |
| 4:15 | Crear | Villager (Male) |
| 4:19 | Construir | House |
| 4:30 | Crear | Villager (Male) |
| 4:39 | Crear | Villager (Male) |
| 4:52 | Crear | Villager (Male) |
| 5:33 | Construir | Mill |
| 5:35 | Crear | Villager (Male) |
| 6:00 | Crear | Villager (Male) |
| 6:32 | Crear | Villager (Male) |
| 7:02 | Crear | Villager (Male) |
| 7:34 | Crear | Villager (Male) |
| 7:45 | Construir | House |
| 8:07 | Crear | Villager (Male) |
| 8:08 | Investigar | Loom |
| 8:12 | Construir | Mining Camp |
| 8:48 | Crear | Villager (Male) |
| 8:48 | Crear | Villager (Male) |
| 9:06 | Construir | Farm |
| 9:08 | Construir | Farm |
| 9:09 | Construir | Farm |
| 9:12 | Construir | Farm |
| 9:27 | Investigar | Feudal Age |
| 10:06 | Crear | Villager (Male) |
| 10:35 | Construir | Farm |
| 10:47 | Construir | Farm |
| 11:37 | Crear | Villager (Male) |
| 11:46 | Edad | Edad Feudal |
| 11:47 | Construir | Blacksmith |
| 11:49 | Construir | Market |
| 12:25 | Construir | Mining Camp |
| 12:52 | Investigar | Castle Age |
| 12:52 | Investigar | Castle Age |
| 13:13 | Construir | House |
| 13:52 | Crear | Villager (Male) |
| 13:52 | Crear | Villager (Male) |
| 13:56 | Investigar | Double-Bit Axe |
| 14:00 | Investigar | Horse Collar |
| 14:10 | Crear | Villager (Male) |
| 15:32 | Edad | Edad de los Castillos |
| 15:35 | Construir | Castle |
| 15:47 | Investigar | Bow Saw |
| 15:49 | Crear | Villager (Male) |
| 16:11 | Investigar | Heavy Plow |
| 16:15 | Crear | Villager (Male) |
| 16:28 | Crear | Conquistador |
| 16:43 | Crear | Conquistador |
| 16:46 | Crear | Villager (Male) |
| 17:07 | Construir | Farm |
| 17:13 | Crear | Villager (Male) |
| 17:16 | Construir | Farm |
| 17:32 | Construir | Farm |
| 17:33 | Crear | Conquistador |
| 17:42 | Crear | Villager (Male) |
| 17:45 | Construir | Farm |
| 17:54 | Construir | Farm |
| 17:59 | Crear | Villager (Male) |
| 18:13 | Crear | Conquistador |
| 18:13 | Crear | Conquistador |
| 18:24 | Construir | Farm |
| 18:25 | Construir | Farm |
| 18:26 | Crear | Conquistador |
| 18:45 | Crear | Conquistador |
| 18:56 | Crear | Villager (Male) |
| 19:01 | Construir | Farm |
| 19:19 | Crear | Conquistador |
| 19:27 | Crear | Villager (Male) |
| 19:27 | Crear | Villager (Male) |
| 19:51 | Construir | Farm |
| 19:52 | Construir | Farm |
| 19:53 | Crear | Conquistador |
| 19:54 | Crear | Villager (Male) |
| 19:55 | Construir | Farm |
| 19:59 | Construir | Farm |
| 20:09 | Crear | Conquistador |
| 20:09 | Crear | Conquistador |
| 20:18 | Crear | Villager (Male) |
| 20:44 | Crear | Conquistador |
| 21:01 | Crear | Villager (Male) |
| 21:31 | Crear | Conquistador |
| 21:32 | Crear | Villager (Male) |
| 21:46 | Crear | Villager (Male) |
| 21:59 | Construir | Town Center |
| 22:00 | Construir | House |
| 22:01 | Construir | House |
| 22:01 | Construir | House |
| 22:01 | Construir | House |
| 22:05 | Crear | Conquistador |
| 22:09 | Investigar | Padded Archer Armor |
| 22:11 | Crear | Villager (Male) |
| 22:30 | Construir | House |
| 22:31 | Construir | House |
| 22:37 | Investigar | Wheelbarrow |
| 22:49 | Crear | Conquistador |
| 23:04 | Crear | Villager (Male) ×3 |
| 23:07 | Construir | Monastery |
| 23:08 | Construir | House |
| 23:32 | Crear | Conquistador |
| 23:33 | Crear | Villager (Male) ×3 |
| 23:53 | Crear | Villager (Male) |
| 23:58 | Crear | Monk |
| 23:58 | Crear | Monk |
| 23:59 | Construir | House |
| 24:03 | Investigar | Gold Mining |
| 24:19 | Crear | Conquistador |
| 24:31 | Crear | Conquistador |
| 24:36 | Crear | Villager (Male) |
| 24:43 | Construir | Town Center |
| 24:52 | Crear | Villager (Male) ×2 |
| 25:20 | Crear | Conquistador |
| 25:24 | Crear | Conquistador |
| 25:26 | Crear | Villager (Male) ×2 |
| 25:49 | Crear | Villager (Male) ×3 |
| 25:58 | Crear | Villager (Male) ×2 |
| 26:00 | Construir | Barracks |
| 26:23 | Crear | Monk |
| 26:25 | Crear | Villager (Male) ×3 |
| 26:30 | Construir | House |
| 26:31 | Construir | House |
| 26:41 | Construir | Town Center |
| 26:42 | Crear | Villager (Male) ×2 |
| 27:00 | Crear | Villager (Male) ×2 |
| 27:43 | Crear | Conquistador |
| 27:43 | Crear | Conquistador |
| 27:44 | Crear | Villager (Male) ×4 |
| 28:13 | Crear | Villager (Male) ×4 |
| 28:14 | Construir | Stable |
| 28:34 | Crear | Villager (Male) ×2 |
| 28:38 | Construir | Mill |
| 28:38 | Construir | Farm |
| 28:47 | Crear | Villager (Male) ×3 |
| 28:53 | Construir | Farm |
| 28:58 | Construir | Farm |
| 29:00 | Construir | Farm |
Build order — Müh.zuvery
Primeras 150 de 370 acciones detectadas
| 0:09 | Crear | Villager (Male) ×4 |
| 0:10 | Construir | House |
| 0:12 | Construir | House |
| 0:57 | Construir | House |
| 1:03 | Construir | Palisade Gate |
| 1:05 | Construir | Palisade Gate |
| 1:07 | Construir | Palisade Gate |
| 1:27 | Crear | Villager (Male) |
| 1:57 | Crear | Villager (Male) |
| 2:18 | Crear | Villager (Male) |
| 2:21 | Construir | Palisade Wall |
| 2:25 | Construir | Palisade Wall |
| 3:07 | Crear | Villager (Male) |
| 3:07 | Crear | Villager (Male) |
| 3:27 | Crear | Villager (Male) |
| 3:47 | Crear | Villager (Male) |
| 3:47 | Crear | Villager (Male) |
| 4:00 | Crear | Villager (Male) |
| 4:43 | Construir | Lumber Camp |
| 4:44 | Crear | Villager (Male) |
| 4:52 | Crear | Villager (Male) |
| 5:14 | Crear | Villager (Male) |
| 5:47 | Crear | Villager (Male) |
| 5:47 | Crear | Villager (Male) |
| 6:01 | Construir | Mill |
| 6:15 | Construir | House |
| 6:53 | Crear | Villager (Male) |
| 6:54 | Crear | Villager (Male) |
| 7:30 | Construir | Farm |
| 7:33 | Construir | Farm |
| 7:40 | Crear | Villager (Male) |
| 7:58 | Construir | Mining Camp |
| 8:10 | Crear | Villager (Male) |
| 8:22 | Construir | Farm |
| 8:30 | Investigar | Feudal Age |
| 9:30 | Crear | Villager (Male) |
| 9:37 | Construir | House |
| 9:43 | Construir | Palisade Wall |
| 9:53 | Construir | Palisade Wall |
| 10:40 | Construir | House |
| 10:45 | Edad | Edad Feudal |
| 10:46 | Crear | Villager (Male) |
| 10:55 | Construir | Market |
| 11:37 | Construir | Blacksmith |
| 11:43 | Crear | Villager (Male) |
| 12:28 | Construir | House |
| 12:36 | Construir | Watch Tower |
| 12:58 | Investigar | Loom |
| 13:04 | Construir | House |
| 13:11 | Construir | House |
| 13:27 | Construir | House |
| 13:57 | Construir | House |
| 15:18 | Investigar | Castle Age |
| 16:22 | Construir | Mining Camp |
| 16:37 | Construir | Mining Camp |
| 16:45 | Construir | House |
| 16:46 | Construir | House |
| 16:48 | Investigar | Double-Bit Axe |
| 17:09 | Construir | House |
| 17:14 | Construir | Palisade Wall |
| 17:47 | Construir | Watch Tower |
| 17:58 | Edad | Edad de los Castillos |
| 18:34 | Crear | Villager (Male) |
| 18:34 | Crear | Villager (Male) |
| 19:36 | Construir | Farm |
| 19:40 | Construir | Farm |
| 19:56 | Construir | House |
| 20:02 | Crear | Villager (Male) |
| 20:28 | Construir | House |
| 20:32 | Crear | Villager (Male) |
| 20:47 | Construir | Farm |
| 20:52 | Construir | Farm |
| 21:06 | Crear | Villager (Male) |
| 21:18 | Construir | Siege Workshop |
| 21:49 | Construir | Farm |
| 21:51 | Construir | Farm |
| 21:52 | Crear | Mangonel |
| 22:13 | Construir | Farm |
| 22:17 | Crear | Villager (Male) |
| 22:29 | Crear | Villager (Male) |
| 22:36 | Construir | Lumber Camp |
| 22:52 | Crear | Villager (Male) |
| 23:09 | Crear | Villager (Male) |
| 23:45 | Investigar | Bow Saw |
| 23:46 | Investigar | Bow Saw |
| 24:15 | Construir | Castle |
| 24:21 | Crear | Villager (Male) |
| 24:36 | Crear | Villager (Male) |
| 24:49 | Crear | Villager (Male) |
| 25:00 | Crear | Villager (Male) |
| 25:28 | Crear | Villager (Male) |
| 25:34 | Crear | Battering Ram |
| 25:40 | Crear | Petard |
| 25:40 | Crear | Petard |
| 25:40 | Crear | Petard |
| 25:54 | Construir | Stone Wall |
| 26:11 | Crear | Petard |
| 26:12 | Crear | Villager (Male) |
| 26:12 | Crear | Villager (Male) |
| 26:35 | Construir | House |
| 26:36 | Construir | House |
| 26:38 | Crear | Conquistador |
| 26:38 | Crear | Conquistador |
| 26:48 | Crear | Villager (Male) |
| 27:15 | Crear | Villager (Male) |
| 28:08 | Crear | Villager (Male) |
| 28:10 | Crear | Villager (Male) |
| 28:11 | Investigar | Wheelbarrow |
| 28:23 | Construir | Town Center |
| 28:25 | Crear | Villager (Male) |
| 28:25 | Crear | Villager (Male) |
| 28:52 | Crear | Villager (Male) |
| 28:59 | Construir | Mill |
| 29:00 | Construir | Farm |
| 29:00 | Construir | Farm |
| 29:01 | Construir | Farm |
| 29:01 | Construir | Farm |
| 29:01 | Construir | Farm |
| 29:01 | Construir | Farm |
| 29:02 | Construir | Farm |
| 29:02 | Construir | Farm |
| 29:06 | Crear | Villager (Male) |
| 29:30 | Crear | Villager (Male) |
| 29:30 | Crear | Villager (Male) |
| 29:48 | Crear | Villager (Male) |
| 29:51 | Construir | Farm |
| 29:53 | Construir | Farm |
| 30:06 | Crear | Villager (Male) |
| 30:17 | Construir | Farm |
| 30:18 | Crear | Villager (Male) |
| 30:19 | Investigar | Horse Collar |
| 30:24 | Construir | Farm |
| 30:26 | Crear | Villager (Male) |
| 30:30 | Construir | Farm |
| 30:32 | Construir | Farm |
| 30:51 | Crear | Villager (Male) |
| 30:58 | Crear | Villager (Male) |
| 30:58 | Crear | Villager (Male) |
| 31:04 | Crear | Villager (Male) |
| 31:23 | Construir | Farm |
| 31:51 | Construir | Farm |
| 31:52 | Construir | Farm |
| 31:56 | Construir | Farm |
| 31:58 | Crear | Villager (Male) |
| 31:59 | Crear | Villager (Male) |
| 32:10 | Crear | Villager (Male) |
| 32:12 | Construir | Farm |
| 32:19 | Construir | Farm |
| 32:36 | Crear | Villager (Male) |
| 32:45 | Crear | Villager (Male) |
Build order — [BadStart] The Shadow
Primeras 150 de 688 acciones detectadas
| 0:01 | Crear | Villager (Male) |
| 0:02 | Crear | Villager (Male) |
| 0:02 | Crear | Villager (Male) |
| 0:02 | Crear | Villager (Male) |
| 0:03 | Construir | House |
| 0:04 | Construir | House |
| 1:25 | Crear | Villager (Male) |
| 1:47 | Construir | Lumber Camp |
| 1:53 | Construir | House |
| 2:01 | Crear | Villager (Male) |
| 2:10 | Crear | Villager (Male) |
| 2:10 | Crear | Villager (Male) |
| 2:51 | Crear | Villager (Male) ×2 |
| 2:58 | Crear | Villager (Male) |
| 3:08 | Crear | Villager (Male) |
| 3:27 | Construir | House |
| 4:12 | Construir | Mill |
| 4:17 | Crear | Villager (Male) |
| 4:18 | Crear | Villager (Male) |
| 4:18 | Crear | Villager (Male) |
| 4:25 | Crear | Villager (Male) |
| 4:25 | Crear | Villager (Male) |
| 5:33 | Investigar | Loom |
| 6:14 | Investigar | Feudal Age |
| 6:14 | Investigar | Feudal Age |
| 6:32 | Construir | Mining Camp |
| 7:29 | Crear | Villager (Male) |
| 8:11 | Construir | House |
| 8:14 | Crear | Villager (Male) |
| 8:26 | Edad | Edad Feudal |
| 8:32 | Construir | Watch Tower |
| 8:43 | Construir | Blacksmith |
| 9:11 | Crear | Villager (Male) |
| 9:24 | Investigar | Double-Bit Axe |
| 9:24 | Investigar | Fletching |
| 9:26 | Crear | Villager (Male) |
| 9:28 | Crear | Villager (Male) |
| 10:04 | Crear | Villager (Male) |
| 10:04 | Crear | Villager (Male) |
| 10:17 | Construir | Mill |
| 10:28 | Crear | Villager (Male) |
| 10:45 | Construir | Watch Tower |
| 10:51 | Construir | House |
| 10:55 | Crear | Villager (Male) |
| 11:33 | Construir | Watch Tower |
| 11:34 | Crear | Villager (Male) |
| 11:54 | Crear | Villager (Male) |
| 11:57 | Construir | Farm |
| 12:00 | Construir | Farm |
| 12:16 | Construir | Farm |
| 12:36 | Crear | Villager (Male) |
| 13:06 | Crear | Villager (Male) |
| 13:07 | Crear | Villager (Male) |
| 13:34 | Crear | Villager (Male) |
| 13:58 | Construir | Watch Tower |
| 14:05 | Crear | Villager (Male) |
| 14:24 | Crear | Villager (Male) |
| 14:25 | Construir | Farm |
| 14:26 | Construir | Farm |
| 14:28 | Construir | Farm |
| 14:28 | Construir | Farm |
| 14:30 | Construir | House |
| 14:36 | Construir | Mining Camp |
| 14:52 | Crear | Villager (Male) |
| 15:16 | Crear | Villager (Male) |
| 15:31 | Crear | Villager (Male) |
| 15:31 | Crear | Villager (Male) |
| 15:45 | Crear | Villager (Male) |
| 15:52 | Construir | Market |
| 15:55 | Construir | House |
| 16:02 | Crear | Villager (Male) |
| 16:25 | Crear | Villager (Male) |
| 16:25 | Crear | Villager (Male) |
| 16:37 | Crear | Villager (Male) |
| 16:48 | Crear | Villager (Male) |
| 17:10 | Crear | Villager (Male) ×5 |
| 17:13 | Construir | House |
| 17:16 | Crear | Villager (Male) ×3 |
| 17:16 | Crear | Villager (Male) |
| 17:34 | Crear | Villager (Male) |
| 17:54 | Crear | Villager (Male) |
| 18:00 | Construir | Farm |
| 18:00 | Construir | Farm |
| 18:09 | Crear | Villager (Male) |
| 18:38 | Crear | Villager (Male) |
| 18:45 | Crear | Villager (Male) ×5 |
| 19:16 | Crear | Villager (Male) |
| 19:32 | Investigar | Castle Age |
| 19:42 | Construir | Farm |
| 20:02 | Construir | Lumber Camp |
| 20:55 | Construir | Lumber Camp |
| 21:47 | Investigar | Gold Mining |
| 21:48 | Investigar | Horse Collar |
| 21:49 | Investigar | Horse Collar |
| 22:12 | Edad | Edad de los Castillos |
| 22:16 | Construir | Watch Tower |
| 22:24 | Investigar | Bodkin Arrow |
| 22:26 | Investigar | Bow Saw |
| 22:27 | Crear | Villager (Male) |
| 22:30 | Crear | Villager (Male) |
| 22:36 | Construir | University |
| 22:38 | Crear | Villager (Male) ×3 |
| 23:19 | Construir | Mining Camp |
| 23:41 | Crear | Villager (Male) |
| 23:54 | Investigar | Ballistics |
| 23:54 | Investigar | Ballistics |
| 24:11 | Construir | Lumber Camp |
| 24:19 | Crear | Villager (Male) ×5 |
| 24:29 | Construir | House |
| 24:57 | Construir | Castle |
| 25:05 | Crear | Villager (Male) |
| 25:14 | Crear | Villager (Male) ×5 |
| 25:17 | Construir | House |
| 25:47 | Investigar | Gold Shaft Mining |
| 25:47 | Investigar | Gold Shaft Mining |
| 25:48 | Investigar | Heavy Plow |
| 25:54 | Construir | House |
| 26:03 | Construir | Lumber Camp |
| 26:09 | Crear | Villager (Male) |
| 26:11 | Construir | Town Center |
| 26:48 | Crear | Villager (Male) |
| 26:49 | Crear | Villager (Male) |
| 26:51 | Construir | House |
| 26:52 | Crear | Mangudai |
| 26:59 | Crear | Villager (Male) |
| 27:02 | Construir | Town Center |
| 27:03 | Crear | Villager (Male) ×2 |
| 27:07 | Construir | Farm |
| 27:07 | Construir | Farm |
| 27:07 | Construir | Farm |
| 27:08 | Construir | Farm |
| 27:10 | Crear | Mangudai |
| 27:20 | Crear | Villager (Male) |
| 27:24 | Construir | House |
| 27:27 | Crear | Mangudai |
| 27:33 | Construir | Monastery |
| 27:34 | Crear | Mangudai |
| 27:36 | Crear | Villager (Male) |
| 27:40 | Crear | Villager (Male) |
| 27:43 | Construir | Farm |
| 27:44 | Construir | Farm |
| 27:57 | Crear | Villager (Male) |
| 27:57 | Crear | Mangudai |
| 28:04 | Crear | Villager (Male) |
| 28:07 | Crear | Mangudai |
| 28:12 | Construir | Farm |
| 28:19 | Construir | Farm |
| 28:30 | Crear | Mangudai |
| 28:38 | Crear | Monk |
| 28:43 | Crear | Villager (Male) |
Build order — Ramci
Primeras 150 de 703 acciones detectadas
| 0:01 | Crear | Villager (Male) ×4 |
| 0:01 | Crear | Villager (Male) ×4 |
| 0:02 | Crear | Villager (Male) ×4 |
| 0:04 | Construir | House |
| 0:05 | Construir | House |
| 1:29 | Crear | Villager (Male) |
| 1:30 | Crear | Villager (Male) |
| 1:51 | Construir | Lumber Camp |
| 2:05 | Crear | Villager (Male) |
| 2:05 | Crear | Villager (Male) |
| 2:06 | Crear | Villager (Male) |
| 3:03 | Construir | House |
| 3:10 | Crear | Villager (Male) |
| 3:10 | Crear | Villager (Male) |
| 3:39 | Construir | Palisade Wall |
| 3:41 | Construir | House |
| 3:43 | Crear | Villager (Male) |
| 4:05 | Crear | Villager (Male) |
| 4:45 | Crear | Villager (Male) |
| 4:45 | Crear | Villager (Male) |
| 4:45 | Crear | Villager (Male) |
| 5:11 | Construir | House |
| 5:23 | Crear | Villager (Male) |
| 5:24 | Crear | Villager (Male) |
| 6:01 | Construir | Mill |
| 6:09 | Crear | Villager (Male) |
| 6:10 | Crear | Villager (Male) |
| 6:42 | Crear | Villager (Male) |
| 6:42 | Crear | Villager (Male) |
| 7:22 | Construir | Mining Camp |
| 7:23 | Crear | Villager (Male) |
| 7:44 | Construir | Farm |
| 7:58 | Crear | Villager (Male) |
| 7:59 | Crear | Villager (Male) |
| 8:12 | Construir | Farm |
| 9:08 | Crear | Villager (Male) |
| 9:09 | Investigar | Feudal Age |
| 9:13 | Crear | Villager (Male) |
| 9:23 | Construir | Mill |
| 10:00 | Investigar | Feudal Age |
| 10:01 | Investigar | Feudal Age |
| 10:01 | Investigar | Feudal Age |
| 11:12 | Construir | Farm |
| 12:10 | Edad | Edad Feudal |
| 12:17 | Construir | Market |
| 12:21 | Construir | Blacksmith |
| 12:24 | Crear | Villager (Male) |
| 12:24 | Crear | Villager (Male) |
| 12:54 | Construir | Barracks |
| 13:04 | Construir | Barracks |
| 13:06 | Construir | House |
| 13:16 | Investigar | Loom |
| 13:17 | Investigar | Castle Age |
| 13:53 | Investigar | Double-Bit Axe |
| 14:07 | Construir | Stable |
| 14:31 | Construir | House |
| 14:37 | Construir | Farm |
| 14:43 | Investigar | Horse Collar |
| 14:44 | Investigar | Horse Collar |
| 15:35 | Construir | Farm |
| 15:40 | Crear | Villager (Male) |
| 15:40 | Crear | Villager (Male) |
| 16:11 | Construir | House |
| 16:21 | Edad | Edad de los Castillos |
| 16:23 | Crear | Knight |
| 16:23 | Crear | Knight |
| 16:24 | Crear | Villager (Male) |
| 16:24 | Crear | Villager (Male) |
| 16:28 | Construir | Town Center |
| 16:33 | Construir | Farm |
| 16:47 | Construir | Siege Workshop |
| 17:02 | Construir | Farm |
| 17:17 | Construir | Farm |
| 17:20 | Investigar | Bow Saw |
| 17:47 | Crear | Villager (Male) |
| 17:49 | Construir | Farm |
| 17:50 | Construir | Farm |
| 18:08 | Construir | House |
| 18:13 | Crear | Camel Scout |
| 18:34 | Crear | Camel Scout |
| 18:45 | Construir | Monastery |
| 19:12 | Crear | Camel Scout |
| 19:12 | Crear | Camel Scout |
| 19:16 | Construir | Farm |
| 19:18 | Construir | Farm |
| 19:19 | Construir | Farm |
| 19:23 | Construir | Town Center |
| 19:34 | Crear | Monk |
| 19:35 | Construir | House |
| 20:14 | Construir | Siege Workshop |
| 20:17 | Crear | Camel Scout |
| 20:26 | Crear | Villager (Male) |
| 20:27 | Crear | Villager (Male) |
| 20:27 | Crear | Villager (Male) |
| 20:34 | Construir | House |
| 20:57 | Crear | Camel Scout |
| 20:58 | Crear | Camel Scout |
| 21:14 | Crear | Camel Scout |
| 21:14 | Crear | Camel Scout |
| 21:29 | Crear | Villager (Male) |
| 21:30 | Crear | Villager (Male) |
| 21:52 | Crear | Villager (Male) ×2 |
| 21:52 | Crear | Villager (Male) ×2 |
| 21:55 | Construir | Farm |
| 21:55 | Construir | Farm |
| 21:55 | Construir | Farm |
| 21:55 | Construir | Farm |
| 21:57 | Construir | Farm |
| 21:57 | Construir | Farm |
| 21:58 | Construir | Farm |
| 21:58 | Construir | Farm |
| 22:03 | Construir | Farm |
| 22:04 | Construir | Farm |
| 22:04 | Construir | Farm |
| 22:04 | Construir | Farm |
| 22:09 | Construir | Lumber Camp |
| 22:15 | Construir | Farm |
| 22:15 | Construir | Farm |
| 22:15 | Construir | Farm |
| 22:17 | Crear | Villager (Male) |
| 22:17 | Crear | Villager (Male) |
| 22:54 | Crear | Camel Scout |
| 22:54 | Crear | Camel Scout |
| 23:04 | Crear | Villager (Male) |
| 23:05 | Crear | Villager (Male) |
| 23:20 | Construir | Stable |
| 23:36 | Crear | Monk |
| 23:42 | Construir | House |
| 24:25 | Crear | Villager (Male) ×5 |
| 24:25 | Crear | Villager (Male) ×5 |
| 24:25 | Crear | Villager (Male) ×5 |
| 24:28 | Construir | House |
| 24:31 | Construir | House |
| 24:56 | Investigar | Bloodlines |
| 24:57 | Investigar | Bloodlines |
| 24:57 | Crear | Villager (Male) |
| 24:58 | Crear | Villager (Male) |
| 25:02 | Construir | Farm |
| 25:07 | Construir | Town Center |
| 25:10 | Crear | Villager (Male) |
| 25:10 | Crear | Villager (Male) |
| 25:11 | Construir | Farm |
| 25:12 | Construir | Farm |
| 25:14 | Construir | Farm |
| 25:15 | Crear | Villager (Male) |
| 25:16 | Crear | Villager (Male) |
| 25:38 | Construir | Stable |
| 25:48 | Investigar | Light Cavalry (upgrade) |
| 25:49 | Crear | Scout Cavalry |
| 25:49 | Crear | Scout Cavalry |
Build order — Twitch/SyMess
Primeras 150 de 801 acciones detectadas
| 0:01 | Crear | Villager (Male) ×4 |
| 0:04 | Construir | House |
| 0:05 | Construir | House |
| 1:25 | Crear | Villager (Male) |
| 1:44 | Construir | Lumber Camp |
| 1:56 | Crear | Villager (Male) |
| 1:56 | Crear | Villager (Male) |
| 1:56 | Crear | Villager (Male) |
| 2:18 | Crear | Villager (Male) |
| 2:18 | Crear | Villager (Male) |
| 2:40 | Crear | Villager (Male) |
| 2:40 | Crear | Villager (Male) |
| 3:02 | Crear | Villager (Male) |
| 3:02 | Crear | Villager (Male) |
| 3:26 | Construir | House |
| 3:26 | Construir | House |
| 3:27 | Construir | House |
| 3:39 | Crear | Villager (Male) |
| 3:39 | Crear | Villager (Male) |
| 4:03 | Crear | Villager (Male) |
| 4:03 | Crear | Villager (Male) |
| 4:19 | Crear | Villager (Male) |
| 4:50 | Crear | Villager (Male) |
| 4:50 | Crear | Villager (Male) |
| 5:04 | Construir | Mill |
| 5:22 | Crear | Villager (Male) |
| 5:23 | Crear | Villager (Male) |
| 5:59 | Crear | Villager (Male) |
| 5:59 | Crear | Villager (Male) |
| 6:20 | Crear | Villager (Male) |
| 6:54 | Construir | Mill |
| 7:00 | Construir | Farm |
| 7:03 | Construir | Farm |
| 7:06 | Crear | Villager (Male) |
| 7:07 | Crear | Villager (Male) |
| 7:39 | Crear | Villager (Male) |
| 8:03 | Construir | Mining Camp |
| 8:45 | Investigar | Feudal Age |
| 9:03 | Crear | Villager (Male) |
| 9:16 | Construir | Farm |
| 9:20 | Construir | Farm |
| 10:08 | Crear | Villager (Male) |
| 10:22 | Construir | Farm |
| 10:56 | Edad | Edad Feudal |
| 11:03 | Crear | Villager (Male) |
| 11:45 | Crear | Villager (Male) |
| 11:49 | Construir | Farm |
| 11:50 | Construir | Farm |
| 12:09 | Investigar | Castle Age |
| 12:16 | Construir | Stable |
| 12:36 | Crear | Villager (Male) |
| 12:42 | Construir | House |
| 12:44 | Construir | House |
| 12:50 | Investigar | Double-Bit Axe |
| 12:53 | Investigar | Horse Collar |
| 12:54 | Investigar | Horse Collar |
| 13:42 | Construir | Farm |
| 13:43 | Construir | Farm |
| 13:43 | Construir | Farm |
| 14:16 | Investigar | Bloodlines |
| 14:21 | Crear | Villager (Male) |
| 14:21 | Crear | Villager (Male) |
| 14:51 | Edad | Edad de los Castillos |
| 14:52 | Crear | Knight |
| 14:53 | Crear | Knight |
| 14:55 | Crear | Villager (Male) |
| 14:59 | Construir | Blacksmith |
| 15:23 | Crear | Villager (Male) |
| 15:39 | Crear | Knight |
| 15:51 | Investigar | Scale Barding Armor |
| 15:54 | Crear | Villager (Male) |
| 15:59 | Construir | Stable |
| 16:03 | Crear | Knight |
| 16:15 | Crear | Villager (Male) |
| 16:35 | Crear | Knight |
| 16:41 | Crear | Villager (Male) |
| 17:05 | Crear | Knight |
| 17:08 | Crear | Villager (Male) |
| 17:18 | Construir | House |
| 17:30 | Crear | Knight |
| 17:54 | Construir | Siege Workshop |
| 17:57 | Crear | Knight |
| 18:14 | Crear | Knight |
| 18:14 | Crear | Villager (Male) |
| 18:15 | Crear | Villager (Male) |
| 18:15 | Crear | Villager (Male) |
| 18:17 | Construir | Farm |
| 18:18 | Construir | Farm |
| 18:41 | Crear | Knight |
| 18:54 | Crear | Knight |
| 19:02 | Crear | Knight |
| 19:09 | Construir | Monastery |
| 19:14 | Construir | Farm |
| 19:18 | Crear | Knight |
| 19:24 | Construir | House |
| 19:35 | Crear | Villager (Male) |
| 19:39 | Construir | Farm |
| 19:42 | Crear | Knight |
| 19:54 | Construir | Monastery |
| 19:58 | Crear | Knight |
| 19:59 | Crear | Knight |
| 20:11 | Crear | Knight |
| 20:11 | Crear | Knight |
| 20:24 | Crear | Knight |
| 21:04 | Crear | Monk |
| 21:08 | Construir | House |
| 21:09 | Crear | Knight |
| 21:09 | Crear | Knight |
| 21:16 | Crear | Villager (Male) |
| 21:18 | Construir | Farm |
| 21:20 | Crear | Villager (Male) |
| 21:23 | Construir | House |
| 21:24 | Construir | House |
| 21:27 | Crear | Villager (Male) |
| 21:30 | Crear | Monk |
| 21:40 | Construir | House |
| 21:47 | Crear | Villager (Male) |
| 21:53 | Crear | Knight |
| 22:00 | Investigar | Forging |
| 22:00 | Investigar | Forging |
| 22:05 | Crear | Monk |
| 22:19 | Crear | Villager (Male) |
| 22:20 | Crear | Villager (Male) |
| 22:22 | Investigar | Loom |
| 22:25 | Construir | Barracks |
| 22:49 | Crear | Villager (Male) |
| 22:50 | Crear | Villager (Male) |
| 22:58 | Construir | House |
| 23:01 | Investigar | Scale Mail Armor |
| 23:07 | Crear | Knight |
| 23:07 | Crear | Knight |
| 23:09 | Crear | Knight |
| 23:12 | Construir | Farm |
| 23:22 | Crear | Spearman |
| 23:23 | Crear | Spearman |
| 23:29 | Crear | Monk |
| 23:37 | Crear | Knight |
| 23:38 | Crear | Battle Elephant |
| 23:50 | Crear | Knight |
| 23:56 | Construir | House |
| 23:56 | Crear | Villager (Male) |
| 23:57 | Crear | Villager (Male) |
| 24:10 | Investigar | Pikeman (upgrade) |
| 24:11 | Crear | Spearman |
| 24:25 | Crear | Knight |
| 24:28 | Construir | House |
| 24:41 | Crear | Spearman |
| 24:41 | Crear | Spearman |
| 24:48 | Construir | Farm |
| 24:49 | Construir | Farm |
Cronología de la partida
| 2:21 | Müh.zuvery · wall_segment Palisade Wall x1 |
| 2:25 | Müh.zuvery · wall_segment Palisade Wall x1 |
| 3:39 | Ramci · wall_segment Palisade Wall x1 |
| 8:26 | [BadStart] The Shadow · age_up feudal |
| 8:54 | jimmil · wall_segment Palisade Wall x4 |
| 8:57 | [TSU] CoolKidWalls · first_building Barracks |
| 9:03 | [TSU] CoolKidWalls · age_up feudal |
| 9:18 | jimmil · age_up feudal |
| 9:24 | jimmil · wall_segment Stone Wall x14 |
| 9:43 | Müh.zuvery · wall_segment Palisade Wall x16 |
| 9:53 | Müh.zuvery · wall_segment Palisade Wall x8 |
| 10:03 | [TSU] CoolKidWalls · first_building Archery Range |
| 10:22 | jimmil · wall_segment Stone Wall x2 |
| 10:45 | Müh.zuvery · age_up feudal |
| 10:56 | Twitch/SyMess · age_up feudal |
| 11:24 | vulpecula · age_up feudal |
| 11:46 | LeoGalda · age_up feudal |
| 12:10 | Ramci · age_up feudal |
| 12:16 | Twitch/SyMess · first_building Stable |
| 12:24 | Müh.zuvery · first_market_buy 100 wood |
| 12:27 | vulpecula · first_market_sell 100 wood |
| 12:45 | LeoGalda · first_market_sell 100 wood |
| 12:46 | LeoGalda · first_market_buy 100 food |
| 12:54 | Ramci · first_building Barracks |
| 14:07 | Ramci · first_building Stable |
| 14:35 | [TSU] CoolKidWalls · wall_segment Palisade Wall x1 |
| 14:51 | Twitch/SyMess · age_up castle |
| 15:11 | vulpecula · age_up castle |
| 15:32 | LeoGalda · age_up castle |
| 15:35 | LeoGalda · first_building Castle |
| 16:21 | Ramci · age_up castle |
| 16:47 | Ramci · first_building Siege Workshop |
| 17:04 | vulpecula · first_market_buy 100 food |
| 17:06 | [TSU] CoolKidWalls · wall_segment Palisade Wall x2 |
| 17:08 | [BadStart] The Shadow · first_market_sell 500 wood |
| 17:09 | [BadStart] The Shadow · first_market_buy 100 food |
| 17:14 | Müh.zuvery · wall_segment Palisade Wall x1 |
| 17:14 | [TSU] CoolKidWalls · wall_segment Palisade Wall x1 |
| 17:16 | [TSU] CoolKidWalls · wall_segment Palisade Wall x1 |
| 17:24 | [TSU] CoolKidWalls · wall_segment Palisade Wall x1 |
| 17:26 | [TSU] CoolKidWalls · wall_segment Palisade Wall x1 |
| 17:27 | [TSU] CoolKidWalls · wall_segment Palisade Wall x1 |
| 17:54 | Twitch/SyMess · first_building Siege Workshop |
| 17:58 | Müh.zuvery · age_up castle |
| 18:02 | [TSU] CoolKidWalls · wall_segment Palisade Wall x1 |
| 18:45 | Ramci · first_building Monastery |
| 18:53 | jimmil · wall_segment Stone Wall x17 |
| 18:59 | jimmil · wall_segment Stone Wall x3 |
| 19:09 | Twitch/SyMess · first_building Monastery |
| 20:13 | Müh.zuvery · first_market_sell 100 wood |
| 20:14 | jimmil · wall_segment Stone Wall x9 |
| 20:35 | vulpecula · first_building Castle |
| 20:39 | jimmil · wall_segment Stone Wall x4 |
| 21:13 | vulpecula · wall_segment Stone Wall x10 |
| 21:18 | Müh.zuvery · first_building Siege Workshop |
| 21:43 | vulpecula · first_building Barracks |
| 21:54 | jimmil · age_up castle |
| 22:05 | vulpecula · first_building Stable |
| 22:08 | jimmil · first_market_sell 100 food |
| 22:09 | jimmil · first_market_buy 100 wood |
| 22:12 | [BadStart] The Shadow · age_up castle |
| 22:25 | Twitch/SyMess · first_building Barracks |
| 22:42 | jimmil · wall_segment Stone Wall x1 |
| 22:49 | [TSU] CoolKidWalls · first_market_sell 100 wood |
| 22:50 | [TSU] CoolKidWalls · first_market_buy 100 food |
| 23:07 | LeoGalda · first_building Monastery |
| 23:08 | jimmil · wall_segment Stone Wall x1 |
| 24:15 | Müh.zuvery · first_building Castle |
| 24:57 | [BadStart] The Shadow · first_building Castle |
| 25:42 | jimmil · wall_segment Stone Wall x1 |
| 25:48 | jimmil · first_building Monastery |
| 25:50 | [TSU] CoolKidWalls · age_up castle |
| 25:54 | Müh.zuvery · wall_segment Stone Wall x6 |
| 25:55 | [TSU] CoolKidWalls · first_building Castle |
| 26:00 | LeoGalda · first_building Barracks |
| 27:19 | vulpecula · tribute_sent a jugador 1 |
| 27:19 | vulpecula · tribute_sent a jugador 3 |
| 27:19 | vulpecula · tribute_sent a jugador 4 |
| 27:19 | vulpecula · tribute_sent a jugador 5 |
| 27:19 | vulpecula · tribute_sent a jugador 6 |
| 27:19 | vulpecula · tribute_sent a jugador 7 |
| 27:19 | vulpecula · tribute_sent a jugador 8 |
| 27:33 | [BadStart] The Shadow · first_building Monastery |
| 27:44 | [TSU] CoolKidWalls · first_building Siege Workshop |
| 28:14 | LeoGalda · first_building Stable |
| 30:25 | jimmil · wall_segment Stone Wall x1 |
| 30:52 | jimmil · first_building Barracks |
| 31:58 | Ramci · first_market_buy 100 food |
| 31:59 | Ramci · first_market_sell 500 wood |
| 32:27 | [TSU] CoolKidWalls · first_building Monastery |
| 32:40 | [BadStart] The Shadow · first_building Barracks |
| 33:15 | jimmil · first_building Archery Range |
| 33:42 | vulpecula · first_building Siege Workshop |
| 34:07 | [TSU] CoolKidWalls · first_building Stable |
| 34:33 | Müh.zuvery · first_building Barracks |
| 35:21 | Müh.zuvery · first_building Archery Range |
| 35:29 | [BadStart] The Shadow · first_building Stable |
| 35:58 | LeoGalda · age_up imperial |
| 36:10 | vulpecula · first_building Archery Range |
| 36:33 | vulpecula · age_up imperial |
| 36:45 | [BadStart] The Shadow · first_building Archery Range |
| 36:45 | Ramci · first_building Castle |
| 36:59 | [BadStart] The Shadow · first_building Siege Workshop |
| 37:09 | Müh.zuvery · age_up imperial |
| 37:22 | [BadStart] The Shadow · age_up imperial |
| 38:04 | Twitch/SyMess · age_up imperial |
| 38:39 | Twitch/SyMess · first_market_sell 100 wood |
| 38:40 | Twitch/SyMess · first_market_buy 100 food |
| 38:48 | [TSU] CoolKidWalls · age_up imperial |
| 39:20 | vulpecula · wall_segment Stone Wall x1 |
| 40:14 | LeoGalda · wall_segment Stone Wall x3 |
| 40:44 | jimmil · age_up imperial |
| 41:18 | jimmil · first_building Siege Workshop |
| 42:12 | [BadStart] The Shadow · tribute_sent a jugador 1 |
| 42:12 | [BadStart] The Shadow · tribute_sent a jugador 2 |
| 42:12 | [BadStart] The Shadow · tribute_sent a jugador 3 |
| 42:12 | [BadStart] The Shadow · tribute_sent a jugador 4 |
| 42:12 | [BadStart] The Shadow · tribute_sent a jugador 6 |
| 42:12 | [BadStart] The Shadow · tribute_sent a jugador 7 |
| 42:12 | [BadStart] The Shadow · tribute_sent a jugador 8 |
| 42:16 | LeoGalda · wall_segment Stone Wall x5 |
| 42:47 | Ramci · age_up imperial |
| 42:57 | Twitch/SyMess · first_building Castle |
| 43:23 | [BadStart] The Shadow · tribute_sent a jugador 1 |
| 43:23 | [BadStart] The Shadow · tribute_sent a jugador 2 |
| 43:23 | [BadStart] The Shadow · tribute_sent a jugador 3 |
| 43:23 | [BadStart] The Shadow · tribute_sent a jugador 4 |
| 43:23 | [BadStart] The Shadow · tribute_sent a jugador 6 |
| 43:23 | [BadStart] The Shadow · tribute_sent a jugador 7 |
| 43:23 | [BadStart] The Shadow · tribute_sent a jugador 8 |
| 44:59 | Twitch/SyMess · tribute_sent a jugador 1 |
| 44:59 | Twitch/SyMess · tribute_sent a jugador 2 |
| 44:59 | Twitch/SyMess · tribute_sent a jugador 3 |
| 44:59 | Twitch/SyMess · tribute_sent a jugador 4 |
| 44:59 | Twitch/SyMess · tribute_sent a jugador 5 |
| 44:59 | Twitch/SyMess · tribute_sent a jugador 6 |
| 44:59 | Twitch/SyMess · tribute_sent a jugador 7 |
| 45:15 | jimmil · first_building Castle |
| 46:13 | [BadStart] The Shadow · tribute_sent a jugador 1 |
| 46:13 | [BadStart] The Shadow · tribute_sent a jugador 2 |
| 46:13 | [BadStart] The Shadow · tribute_sent a jugador 3 |
| 46:13 | [BadStart] The Shadow · tribute_sent a jugador 4 |
| 46:13 | [BadStart] The Shadow · tribute_sent a jugador 6 |
| 46:13 | [BadStart] The Shadow · tribute_sent a jugador 7 |
| 46:13 | [BadStart] The Shadow · tribute_sent a jugador 8 |
| 46:17 | vulpecula · wall_segment Stone Wall x1 |
| 52:20 | [TSU] CoolKidWalls · wall_segment Stone Wall x1 |
| 52:22 | [TSU] CoolKidWalls · wall_segment Stone Wall x2 |
| 53:08 | Twitch/SyMess · first_building Archery Range |
| 53:12 | [TSU] CoolKidWalls · wall_segment Stone Wall x3 |
| 53:15 | [TSU] CoolKidWalls · wall_segment Stone Wall x4 |
| 53:16 | [TSU] CoolKidWalls · wall_segment Stone Wall x7 |
| 53:23 | [TSU] CoolKidWalls · wall_segment Stone Wall x1 |
| 53:24 | [TSU] CoolKidWalls · wall_segment Stone Wall x4 |
| 53:41 | [TSU] CoolKidWalls · wall_segment Stone Wall x4 |
| 53:45 | [TSU] CoolKidWalls · wall_segment Stone Wall x5 |
| 54:37 | [BadStart] The Shadow · wall_segment Stone Wall x9 |
| 54:38 | [BadStart] The Shadow · wall_segment Stone Wall x7 |
| 55:23 | [TSU] CoolKidWalls · wall_segment Stone Wall x5 |
| 55:25 | [TSU] CoolKidWalls · wall_segment Stone Wall x7 |
| 55:25 | Ramci · tribute_sent a jugador 1 |
| 55:25 | Ramci · tribute_sent a jugador 2 |
| 55:25 | Ramci · tribute_sent a jugador 3 |
| 55:25 | Ramci · tribute_sent a jugador 4 |
| 55:25 | Ramci · tribute_sent a jugador 5 |
| 55:25 | Ramci · tribute_sent a jugador 6 |
| 55:25 | Ramci · tribute_sent a jugador 8 |
| 55:30 | [TSU] CoolKidWalls · wall_segment Stone Wall x11 |
| 57:38 | Müh.zuvery · tribute_sent a jugador 1 |
| 57:38 | Müh.zuvery · tribute_sent a jugador 2 |
| 57:38 | Müh.zuvery · tribute_sent a jugador 3 |
| 57:38 | Müh.zuvery · tribute_sent a jugador 5 |
| 57:38 | Müh.zuvery · tribute_sent a jugador 6 |
| 57:38 | Müh.zuvery · tribute_sent a jugador 7 |
| 57:38 | Müh.zuvery · tribute_sent a jugador 8 |
| 58:24 | Ramci · wall_segment Palisade Wall x1 |
| 60:21 | vulpecula · wall_segment Stone Wall x1 |
| 62:56 | [TSU] CoolKidWalls · tribute_sent a jugador 2 |
| 62:56 | [TSU] CoolKidWalls · tribute_sent a jugador 3 |
| 62:56 | [TSU] CoolKidWalls · tribute_sent a jugador 4 |
| 62:56 | [TSU] CoolKidWalls · tribute_sent a jugador 5 |
| 62:56 | [TSU] CoolKidWalls · tribute_sent a jugador 6 |
| 62:56 | [TSU] CoolKidWalls · tribute_sent a jugador 7 |
| 62:56 | [TSU] CoolKidWalls · tribute_sent a jugador 8 |
| 64:15 | vulpecula · resign |
[ ANÁLISIS IA · 1 CRÉDITO ]
¿Qué pasó realmente en esta partida?
Wolo.gg analiza cada decisión: build order, eco, micro, errores típicos por bracket. Análisis personalizado por WhatsApp o Discord en 30 segundos.
Guía civ
Malayos
Perfil
Jugador #837385